 Dungeon Crawl Stone Soup version 0.29-a0-1065-g47a6bb87d6 (webtiles) character file.

Game seed: 16164868033436168890

45 Newt the Shooter (level 3, -6/21 HPs)
             Began as a Kobold Hunter on Aug 18, 2022.
             Was a Follower of Dithmenos.
             Mangled by a worm (10 damage)
             ... on level 2 of the Dungeon.
             The game lasted 00:02:00 (859 turns).

Newt the Shooter (Kobold Hunter)                     Turns: 859, Time: 00:02:01

Health: -6/21      AC:  3    Str: 10    XL:     3   Next: 90%
Magic:  3/3        EV: 14    Int: 10    God:    Dithmenos [*.....]
Gold:   27         SH:  0    Dex: 18    Spells: 2/2 levels left

rFire   . . .      SeeInvis .   a - +0 shortbow
rCold   . . .      Faith    .   (shield currently unavailable)
rNeg    . . .      Spirit   .   c - +0 leather armour
rPois   .          Reflect  .   (no helmet)
rElec   .          Harm     .   (no cloak)
rCorr   .          Rampage  .   (no gloves)
Will    .....                   (no boots)
Stlth   ++++......              (no amulet)
HPRegen 0.07/turn               (no ring)
MPRegen 0.08/turn               (no ring)

@: wreathed by umbra
A: small, no large weapons, nightstalker 3
a: Renounce Religion


You were on level 2 of the Dungeon.
You worshipped Dithmenos.
Dithmenos was aware of your devotion.
You visited 1 branch of the dungeon, and saw 2 of its levels.

You collected 27 gold pieces.

Inventory:

Hand Weapons
 a - a +0 shortbow (weapon)
Armour
 c - a +0 leather armour (worn)
Scrolls
 b - a scroll of immolation
 d - 2 scrolls of amnesia {unknown}
 f - a scroll of silence {unknown}
 g - a scroll of vulnerability {unknown}
Potions
 h - a potion of curing {unknown}


   Skills:
 - Level 2.1 Fighting
 - Level 6.0 Ranged Weapons
 + Level 2.5 Dodging
 - Level 4.0 Stealth


You had 2 spell levels left.
You didn't know any spells.
Your spell library was empty.

Dungeon Overview and Level Annotations

Branches:
Dungeon (2/15)

Altars:
Dithmenos


Innate Abilities, Weirdness & Mutations

You are small and have problems with some larger weapons.
You are completely attuned to the shadows.


Message History

The adder is almost dead.
The adder barely misses you.
You shoot an arrow. The arrow hits the adder.
You kill the adder!
Dithmenos accepts your kill.
You hear a shout!
Training target 6.0 for Ranged Weapons reached!
Your Ranged Weapons skill increases to level 6!
You need to enable at least one skill for training.
A kobold comes into view. It is wielding a +0 short sword.
You shoot an arrow. The arrow closely misses the kobold.
You shoot an arrow.
The arrow hits the kobold but does no damage.
You shoot an arrow. The arrow barely misses the worm.
You shoot an arrow. The arrow barely misses the kobold.
The kobold hits you with a +0 short sword.
The kobold misses you.
You shoot an arrow. The arrow hits the worm.
The worm is lightly wounded.
The kobold hits you with a +0 short sword.
The worm bites you but does no damage.
You shoot an arrow. The arrow hits the worm.
The worm is moderately wounded.
The kobold closely misses you. The worm closely misses you.
Fire: a) +0 shortbow
Press: ? - help, Shift-Dir - straight line, f - kobold, p - worm
Aim: a kobold, wielding a +0 short sword and wearing a +0 ring mail (umbra, 62% to hit)
You shoot an arrow.
The arrow hits the kobold but does no damage.
The kobold barely misses you.
Fire: a) +0 shortbow
Press: ? - help, Shift-Dir - straight line, f/p - kobold
Aim: a kobold, wielding a +0 short sword and wearing a +0 ring mail (umbra, 62% to hit)
You shoot an arrow. The arrow hits the kobold.
You kill the kobold!
Dithmenos accepts your kill. The worm bites you!
* * * LOW HITPOINT WARNING * * *
It was a potion of cancellation.
You feel magically purged. The worm bites you!
You die...

.........
....w..# #......#
#......# #..^...#
.......# >....###
.....#######
....†w@#...######
.<...##).........
.....##.⌠........
######...........
#.............
#.............
#............. +#
##'##.........
.8#
##8.8#..†......


You could see a worm.

Vanquished Creatures
  An adder (D:2)
  A dart slug (D:1)
  3 endoplasms
  2 giant cockroaches
  2 goblins (D:1)
  2 hobgoblins (D:1)
  A jackal (D:2)
  4 quokkas
  5 ball pythons (D:1)
  5 bats (D:1)
  3 frilled lizards
  3 kobolds
  A rat (D:2)
33 creatures vanquished.

Notes
Turn   | Place    | Note
-------+----------+-------------------------------------------
     0 | D:1      | Newt the Kobold Hunter began the quest for the Orb.
     0 | D:1      | Reached XP level 1. HP: 12/12 MP: 1/1
   156 | D:1      | Reached XP level 2. HP: 11/17 MP: 2/2
   465 | D:1      | Reached XP level 3. HP: 21/21 MP: 3/3
   650 | D:1      | Found a faded altar of an unknown god.
   667 | D:1      | Prayed at the altar of an unknown god.
   667 | D:1      | Became a worshipper of Dithmenos the Shadowed
   667 | D:1      | Reached * piety under Dithmenos
   850 | D:2      | Reached skill level 6 in Ranged Weapons
   859 | D:2      | Mangled by a worm

Illustrated notes

Levels and vault maps discovered:
D:1:      pf_arrival_petrified_forest, layout_rooms,
          ebering_ecumenical_altar_mist
D:2:      layout_basic, grunt_ministairs_8, hangedman_feature_mirror

Skill      XL: |  1  2  3 |
---------------+----------+-----
Stealth        | 2 3 4 |  4.0
Ranged Weapons | 6 |  6.0
Fighting       | |  2.1
Dodging        | |  2.5

Action                   || total
-------------------------++-------
 Fire: Shortbow          ||    93
  Use: Potion            ||     1
Armor: Leather armour    ||    10
Dodge: Dodged            ||    43

Table legend: (Time is in decaauts)
 A = Elapsed time spent in this place.
 B = Non-inter-level travel time spent in this place.
 C = Inter-level travel time spent in this place.
 D = Time resting spent in this place.
 E = Time spent auto-exploring this place.
 F = Levels seen in this place.
 G = Mean time per level.
                   A        B        C        D        E       F      G
               +--------+--------+--------+--------+--------+-----+--------+
         Total |    883 |    853 |     30 |      0 |    686 |   2 |  441.5 |
       Dungeon |    883 |    853 |     30 |      0 |    686 |   2 |  441.5 |
               +--------+--------+--------+--------+--------+-----+--------+

Top non-repeatable levels by time:
     D:1: 742 daAuts
     D:2: 141 daAuts
